[Event "Early-Titled-Tuesday-Blitz-February-06-2024"]
[Site "Chess.com"]
[Date "2024.02.06"]
[Round "7"]
[White "Dinosaurio_1975"]
[Black "DinaBelenkaya"]
[Result "1-0"]
[WhiteElo "2595"]
[BlackElo "2430"]
[TimeControl "180+1"]
[EndTime "9:18:24 PST"]
[Termination "Dinosaurio_1975 won by checkmate"]

1. Nf3 d5 2. c4 d4 3. b4 c5 4.
bxc5 Nc6 5. e3 e5 6. exd4 exd4 7. g3 Bxc5 8. d3 Bg4 9. Bg2 Qe7+ 10. Qe2 Qxe2+ 11.
Kxe2 Ne5 12. h3 Bxf3+ 13. Bxf3 O-O-O 14. Be4 Ne7 15. f4 N5c6 16. Nd2 Rhe8 17. Nb3 f5 18.
Nxc5 fxe4 19. Nxe4 Nf5 20. Kf3 Nb4 21. Rd1 Nd6 22.
Ba3 Nxe4 23. Bxb4 Nd6 24. Bxd6 Re3+ 25. Kf2 Rxd6 26. Re1 Rxd3 27. Re8+ Kd7 28. Rae1 Ra3 29. R8e7+ Kc6 30. Rxg7 Rxa2+ 31. Re2 Ra1 32. Rxh7 d3 33.
Rd2 Rc1 34. Ke3 Re1+ 35. Kf2 Re4 36. f5 a5 37. Rg7 Kc5 38. Rg6 Rd8 39. f6 a4 40. Rg4 Rxc4 41. Rxc4+ Kxc4 42. g4 Rd6 43. g5 Rd5 44. h4 a3 45. Ke1 Re5+ 46. Kd1 Rxg5 47.
hxg5 Kc3 48. f7 b5 49. Rxd3+ Kxd3 50. f8=Q Kc3 51. Qf5 a2 52. Qc2+ Kb4 53. Qxa2 Kc3 54. Qc2+ Kb4 55. g6 Ka3 56. g7 b4 57. g8=Q b3 58. Qgxb3# 1-0

[Event "Early-Titled-Tuesday-Blitz-February-06-2024"]
[Site "Chess.com"]
[Date "2024.02.06"]
[Round "7"]
[White "secretsuperstar7"]
[Black "KorolDimitriy75"]
[Result "1-0"]
[WhiteElo "2524"]
[BlackElo "2373"]
[TimeControl "180+1"]
[EndTime "9:18:24 PST"]
[Termination "secretsuperstar7 won by checkmate"]

1. c4 c5 2. Nc3 g6 3. g3 Bg7 4. Bg2 Nc6 5. e4 Nh6 6. Nge2 O-O 7. O-O d6 8. d3 f5 9. a3 e5 10. Rb1 f4 11. f3 g5 12. g4 Be6 13.
b4 b6 14. Nd5 Nf7 15. Qa4 Nd4 16. Nxd4 exd4 17. bxc5 dxc5 18. Qc2 Ne5 19. a4 h5 20. h3 Bxd5 21. cxd5 a5 22. Ba3 Qd6 23. Qb2 Rab8 24. Qb5 Qd7 25. Qb3 Kh7 26. Kf2 Kg6 27. gxh5+ Kxh5 28. Rh1 Bf6 29. h4 gxh4 30. Bh3 Qe7 31. Rbg1 Qd6 32.
Bg4+ Kh6 33. Bc1 Bg5 34. Bf5 Rg8 35. Bxf4 Nxd3+ 36. Qxd3 Qxf4 37. Rg4 Qd6 38. Qf1 c4 39.
Rhxh4+ Bxh4+ 40. Rxh4+ Kg5 41. Rg4+ Kf6 42. Qh3 Rxg4 43.
Qxg4 d3 44. Qg6+ Ke7 45. Qg7+ Kd8 46. Qg8+ Kc7 47. Qf7+ Kd8 48. Qg8+ Kc7 49. Qf7+ Kd8 50. e5 Qxe5 51. Qd7# 1-0

[Event "Early-Titled-Tuesday-Blitz-February-06-2024"]
[Site "Chess.com"]
[Date "2024.02.06"]
[Round "7"]
[White "Baby_Legs"]
[Black "LileKoridze"]
[Result "0-1"]
[WhiteElo "2629"]
[BlackElo "2410"]
[TimeControl "180+1"]
[EndTime "9:18:25 PST"]
[Termination "LileKoridze won by resignation"]

1. c4 e5 2. Nc3 Nf6 3. Nf3 Nc6 4.
a3 a5 5. e3 d5 6. cxd5 Nxd5 7.
Qc2 Be6 8. Bb5 Bd6 9. Ne4 Ne7 10.
b3 O-O 11. Bb2 f6 12. O-O Bf5 13. Rfd1 Kh8 14. h3 Qe8 15. d3 Qh5 16. Ng3 Qg6 17. Nh4 Qg5 18. Nhxf5 Nxf5 19. Nxf5 Qxf5 20. Bxc6 bxc6 21. Qxc6 Rab8 22. Qc4 Rb6 23. Bc3 Ra8 24. e4 Qd7 25. Bd2 Rab8 26. Rdb1 a4 27. b4 Bf8 28.
Rc1 Rc8 29. Be3 Rd6 30. Rc3 c6 31. Rac1 Rd8 32. Rd1 Qb7 33. Kf1 Rc8 34. Ke2 g6 35. Bc5 Rd7 36. Qe6 Bg7 37. Rdc1 Rcd8 38. Be3 Rd6 39.
Qc4 Rc8 40. h4 f5 41. f3 f4 42. Bf2 Rcd8 43. R1c2 Qd7 44. Qa6 c5 45. Qc4 cxb4 46.
Qxb4 Bf8 47. Rc7 Qe8 48. Qc4 Rxd3 49. Qxd3 Rxd3 50. Kxd3 Qb5+ 51. Kd2 Bxa3 52. Bc5 Qa5+ 53. Ke2 Qxc7 54. Kd3 Bxc5 0-1

[Event "Early-Titled-Tuesday-Blitz-February-06-2024"]
[Site "Chess.com"]
[Date "2024.02.06"]
[Round "7"]
[White "Sattarov_Bobur"]
[Black "wonderfultime"]
[Result "0-1"]
[WhiteElo "2792"]
[BlackElo "3052"]
[TimeControl "180+1"]
[EndTime "9:18:27 PST"]
[Termination "wonderfultime won on time"]

1. e4 e5 2. Nf3 Nc6 3. Bc4 Bc5 4. Nc3 Nf6 5. d3 h6 6. Be3 Bb6 7. a4 d6 8. h3 Be6 9. O-O O-O 10. Nd2 d5 11.
exd5 Nxd5 12. Nxd5 Bxd5 13. Qg4 f5 14. Bxd5+ Qxd5 15. Qc4 Rad8 16. Qxd5+ Rxd5 17. Nc4 Bc5 18. Rfe1 Be7 19.
f3 a6 20. Re2 Bf6 21. Bf2 g6 22.
Rae1 b5 23. axb5 axb5 24. Nd2 Ra8 25. Nb1 b4 26. Nd2 Rda5 27. Nc4 Ra1 28. b3 Kf7 29. g4 h5 30. Kg2 Rxe1 31. Rxe1 Ra2 32. Re2 hxg4 33.
hxg4 Ke6 34. f4 Kd5 35. Ne3+ Ke6 36. Nc4 fxg4 37. fxe5 Bg5 38. Kg3 Kf5 39. Be3 Bxe3 40. Rxe3 Rxc2 41. e6 Kf6 42. Kxg4 Rc3 43. Nd2 Rxd3 44.
Ne4+ Ke7 45. Re1 Rd5 46. Rc1 Ne5+ 47. Kg3 c6 48. Nc5 g5 0-1

[Event "Early-Titled-Tuesday-Blitz-February-06-2024"]
[Site "Chess.com"]
[Date "2024.02.06"]
[Round "7"]
[White "CADMartin"]
[Black "Iskusnyh"]
[Result "1-0"]
[WhiteElo "2482"]
[BlackElo "2643"]
[TimeControl "180+1"]
[EndTime "9:18:28 PST"]
[Termination "CADMartin won on time"]

1. e4 e6 2. d4 d5 3. exd5 exd5 4. Bd3 c5 5. dxc5 Bxc5 6. Ne2 Nf6 7. O-O O-O 8. h3 Nc6 9. Bg5 h6 10. Bh4 g5 11. Bg3 Ne4 12. Nbc3 f5 13. Kh1 Be6 14. f3 Nxg3+ 15. Nxg3 Qd6 16. Nge2 Rad8 17. a3 a6 18.
f4 d4 19. Na4 Ba7 20. b4 Bd5 21. Qd2 Qg6 22. Ng3 gxf4 23. Nxf5 Rxf5 24. Bxf5 Qxf5 25. Rxf4 Qxh3+ 26. Kg1 d3+ 27. Nc5 Qg3 28. Raf1 Ne5 29. cxd3 Ng4 30. Rxg4+ Qxg4 31. Rf4 Qg5 32. Qf2 Bxc5 33.
bxc5 Re8 34. Rf5 Qc1+ 35. Kh2 Be6 36. Qg3+ Kh7 37. Qc7+ Kh8 38. Qe5+ Kg8 39. Rf6 Qg5 40. Qd4 Qh5+ 41. Kg1 Qd1+ 42. Rf1 Qg4 43. Rf4 1-0

[Event "Early-Titled-Tuesday-Blitz-February-06-2024"]
[Site "Chess.com"]
[Date "2024.02.06"]
[Round "7"]
[White "SoyuzTM4"]
[Black "AniJak"]
[Result "1-0"]
[WhiteElo "2249"]
[BlackElo "2367"]
[TimeControl "180+1"]
[EndTime "9:18:29 PST"]
[Termination "SoyuzTM4 won by resignation"]

1. e4 c5 2. d4 cxd4 3. c3 dxc3 4.
Nxc3 d6 5. Nf3 g6 6. Bc4 Bg7 7. O-O Nf6 8. h3 O-O 9. Qe2 a6 10. Rd1 b5 11. Bb3 Qc7 12. Bg5 Nbd7 13. Rac1 Qa5 14.
Nd5 Nxd5 15. Bxd5 Ra7 16. Bxe7 Re8 17. Bxd6 Nf6 18. Bc6 Bd7 19. b4 Qa3 20. Bxd7 Rxd7 21. e5 Rxd6 22. exf6 Rxe2 23. Rc8+ Bf8 24. Rxd6 Qxb4 25.
Rdd8 Re6 26. Ng5 Rxf6 27. Rxf8+ Qxf8 28. Rxf8+ Kxf8 29. Nxh7+ Ke7 30. Nxf6 Kxf6 31. Kf1 Ke5 32. Ke2 a5 33. Kd3 Kd5 34. g3 b4 35. h4 a4 36. f3 b3 37. axb3 axb3 38. Kc3 b2 39. Kxb2 Kd4 40. g4 Ke5 41. Kc3 Kf4 42. Kd4 Kxf3 43.
h5 gxh5 44. gxh5 f5 45. h6 Kg2 46. h7 f4 47. h8=Q f3 48. Ke3 1-0

[Event "Early-Titled-Tuesday-Blitz-February-06-2024"]
[Site "Chess.com"]
[Date "2024.02.06"]
[Round "7"]
[White "FlemingA"]
[Black "Willhaven3"]
[Result "0-1"]
[WhiteElo "2424"]
[BlackElo "2615"]
[TimeControl "180+1"]
[EndTime "9:18:30 PST"]
[Termination "Willhaven3 won by resignation"]

1. g3 d5 2. Bg2 Nf6 3. b3 Bf5 4. Bb2 e6 5. Nf3 h6 6. O-O Bd6 7. d3 O-O 8. Nbd2 Bh7 9. Re1 Nbd7 10. e4 dxe4 11. dxe4 Bc5 12. Qe2 Ng4 13. Nd4 Nxf2 14. Qxf2 e5 15. N2f3 exd4 16. Bxd4 Qe7 17. Rad1 Rfe8 18. Nh4 Bxd4 19. Qxd4 Ne5 20. Qf2 Ng4 21.
Qd4 Red8 22. Qc3 Qe5 23. Qxe5 Nxe5 24. Nf5 Kf8 25. Ne3 c6 26. Kf2 Bg6 27. h3 Rxd1 28. Rxd1 Ke7 29. g4 a5 30. a4 Rd8 31. Rxd8 Kxd8 32.
Nd1 h5 33. Bf3 hxg4 34. hxg4 f6 35. Ke3 Kc7 36. Nf2 b5 37. Be2 Kb6 38. Kf4 Kc5 39. g5 bxa4 40. bxa4 Kb4 41. gxf6 gxf6 42. Nh3 Kxa4 43.
Ke3 Kb4 44. Nf4 Bf7 45. Kd4 c5+ 46. Ke3 Kc3 47. Bd3 c4 48. Ne2+ Kb2 49. Bxc4 Nxc4+ 50. Kd4 a4 51. Nc3 a3 52. Nd1+ Kxc2 53. Nc3 Kb2 54.
Na4+ Ka1 55. Nc3 a2 56. Nxa2 Kxa2 57. Kd3 Kb3 58. Kd4 Kb4 59. Kd3 Kc5 60. Kc3 Ne5 61. Kd2 Kd4 0-1

[Event "Early-Titled-Tuesday-Blitz-February-06-2024"]
[Site "Chess.com"]
[Date "2024.02.06"]
[Round "7"]
[White "Raud100"]
[Black "Doublekk14"]
[Result "1-0"]
[WhiteElo "2435"]
[BlackElo "2301"]
[TimeControl "180+1"]
[EndTime "9:18:30 PST"]
[Termination "Raud100 won on time"]

1. d4 Nf6 2. c4 e6 3. Nc3 d5 4. Bg5 Bb4 5. Qa4+ Nc6 6. e3 Bxc3+ 7. bxc3 h6 8. Bh4 g5 9. Bg3 Ne4 10. Qc2 Ne7 11. Bd3 f5 12. Be5 O-O 13. f3 Nd6 14. c5 Nf7 15. Bg3 Ng6 16. Ne2 c6 17. O-O Qf6 18. a4 h5 19. f4 g4 20. Be1 Bd7 21.
a5 a6 22. Bd2 Rae8 23. Rab1 Bc8 24. Rb6 Qe7 25. Rfb1 h4 26. Be1 Kh8 27. Nc1 Rg8 28. Bf1 Nd8 29. Nd3 Nf7 30. Nb2 Kg7 31. Na4 Nf8 32. R6b3 Nd7 33. Rxb7 Bxb7 34. Rxb7 Nd8 35. Ra7 h3 36. g3 Nf7 37. Nb6 Rd8 38. Bxa6 Qe8 39.
Bb7 Nb8 40. Qa4 Kg6 41. Ba6 Nxa6 42. Rxa6 e5 43. dxe5 Nxe5 44. fxe5 Qxe5 45. Qd4 Qe6 46. Ra7 Rge8 47. Qg7+ Kh5 48. Qh7+ Qh6 49. Qxh6+ Kxh6 50. Bd2 Re4 51. a6 Rde8 52. Rb7 Rxe3 53. Bxe3+ Rxe3 54. a7 Rxc3 55. a8=Q Rc1+ 56. Kf2 1-0

[Event "Early-Titled-Tuesday-Blitz-February-06-2024"]
[Site "Chess.com"]
[Date "2024.02.06"]
[Round "7"]
[White "falzehope0"]
[Black "DonJuanEGenaro"]
[Result "0-1"]
[WhiteElo "2351"]
[BlackElo "2059"]
[TimeControl "180+1"]
[EndTime "9:18:30 PST"]
[Termination "DonJuanEGenaro won by resignation"]

1. d4 Nf6 2. e3 d6 3. Bd3 Nbd7 4. f4 c6 5. Nf3 g6 6. O-O Bg7 7. Nbd2 Qc7 8. Qe1 e5 9. c3 O-O 10. f5 Re8 11. fxg6 hxg6 12. Ng5 d5 13. Qh4 e4 14. Be2 Nf8 15. c4 N8h7 16. cxd5 Nxg5 17. Qxg5 Nxd5 18. Nb3 b6 19. Bd2 Qe7 20. Qg3 Be6 21. Rac1 Rec8 22. Bg4 Bxg4 23. Qxg4 a5 24. a3 a4 25. Na1 Nf6 26. Qh4 Nd5 27. Qg3 Qe6 28. Nc2 c5 29. Qf2 cxd4 30. Nxd4 Bxd4 31. exd4 e3 32. Bxe3 Nxe3 33. Rce1 Re8 34. Kh1 Rad8 35. Qf4 Nd5 36. Qg3 Qd7 37. Rd1 Ne3 38. Rg1 Nxd1 39. Rxd1 Re4 40. d5 Qg4 41. Qd3 Qf4 42. Rf1 Qe5 43.
Qf3 f5 44. d6 Rxd6 45. Qf2 Re6 46. h3 Re1 47. Qf3 Rxf1+ 48. Qxf1 Qe1 49. Kg1 Qxf1+ 50. Kxf1 Rc6 51. Ke1 Rc2 52. Kf1 Rxb2 53. Kg1 Ra2 54. Kh1 Rxa3 55. Kg1 Rd3 56. Kf2 a3 57. Ke2 Rb3 58.
Kf2 a2 59. Kg1 a1=Q+ 60. Kh2 Qd4 61. Kh1 Rb2 62. Kh2 Qf2 0-1

[Event "Early-Titled-Tuesday-Blitz-February-06-2024"]
[Site "Chess.com"]
[Date "2024.02.06"]
[Round "7"]
[White "dropstoneDP"]
[Black "scarabee43"]
[Result "1-0"]
[WhiteElo "3024"]
[BlackElo "2868"]
[TimeControl "180+1"]
[EndTime "9:18:31 PST"]
[Termination "dropstoneDP won by resignation"]

1. e4 c5 2. Nf3 e6 3. d4 cxd4 4. Nxd4 Nc6 5. Nc3 Qc7 6. Be2 a6 7.
Nxc6 bxc6 8. Qd4 d5 9. exd5 cxd5 10. Bf4 Qc5 11. Qxc5 Bxc5 12. Na4 Ba7 13. c4 Nf6 14. Bf3 Bb7 15. Nc3 O-O 16. O-O Rac8 17. cxd5 Nxd5 18.
Nxd5 Bxd5 19. Bxd5 exd5 20. Rac1 Rfe8 21. Rxc8 Rxc8 22. Rc1 Re8 23. Kf1 h6 24. Rc6 Re4 25. g3 Ra4 26. a3 Bd4 27. Rc8+ Kh7 28. Rb8 Rc4 29. Ke2 g5 30. Bd6 Rc6 31. Kd3 Bxf2 32. Be5 f6 33. Bc3 h5 34. Rd8 Bg1 35. h3 g4 36.
Rxd5 Kg6 37. hxg4 hxg4 38. Ke2 Re6+ 39. Kf1 Bb6 40. a4 Re3 41. Rd6 Rf3+ 42. Ke2 Bc7 43. Rxa6 Bxg3 44. a5 Rf2+ 45. Kd3 Bh4 46. Ra8 g3 47.
Bd4 Rf1 48. a6 Rd1+ 49. Kc4 Rc1+ 50. Kb3 Kf5 51. a7 Ra1 52. Rg8 Bg5 53. a8=Q Rxa8 54. Rxa8 Ke4 55. Kc4 g2 56. Re8+ Kf3 57. b4 f5 58. b5 Bh4 59. b6 f4 60. b7 Bf2 61.
Bxf2 Kxf2 62. Rg8 f3 63. b8=Q g1=Q 64. Qb6+ 1-0

[Event "Early-Titled-Tuesday-Blitz-February-06-2024"]
[Site "Chess.com"]
[Date "2024.02.06"]
[Round "7"]
[White "Semetey"]
[Black "snowlord"]
[Result "0-1"]
[WhiteElo "2637"]
[BlackElo "2858"]
[TimeControl "180+1"]
[EndTime "9:18:31 PST"]
[Termination "snowlord won by checkmate"]

1. Nf3 d6 2. g3 e5 3. c4 Be7 4.
Bg2 Be6 5. d4 Bxc4 6. dxe5 Nc6 7. exd6 Qxd6 8. Qxd6 Bxd6 9. Nc3 Nf6 10. b3 Bb4 11. Bb2 Ba6 12. a3 Bxc3+ 13. Bxc3 O-O-O 14. Ng5 Rhe8 15. e3 Re7 16. Bxc6 bxc6 17. Bxf6 gxf6 18. Nf3 c5 19. Rc1 Rd5 20. Nd2 f5 21. Rc3 Red7 22. Rc2 Bd3 23. Rb2 Be4 24. Rf1 Bd3 25. Rg1 c4 26.
bxc4 Bxc4 27. f3 Ba6 28. e4 Rd3 29. Rg2 Rxa3 30. exf5 Ra1+ 31. Kf2 Rd1 32. Ne4 Rf1+ 33. Ke3 Rd3+ 34. Kf4 Rdxf3+ 35. Kg5 Rxf5+ 36. Kh4 Bb7 37. Rge2 Re5 38. Nc5 Rxc5 39. Re8+ Kd7 40. Rh8 Bd5 41. Rxh7 Rf6 42. Rd2 Rd6 43. g4 a5 44. h3 a4 45.
Rh8 Ra5 46. Rh5 a3 47. Rd1 a2 48. Ra1 Ra3 49. Rf5 c5 50. Rff1 c4 51. Kg5 c3 52.
h4 c2 53. Rfc1 Rc6 54. h5 Rh3 55. Kf4 Rc4+ 56. Ke5 Be6 57. g5 Ke7 58. Re1 Rxh5 59. Rg1 Rxg5+ 60. Rxg5 f6# 0-1

[Event "Early-Titled-Tuesday-Blitz-February-06-2024"]
[Site "Chess.com"]
[Date "2024.02.06"]
[Round "7"]
[White "rikchessmx"]
[Black "goodwilll"]
[Result "0-1"]
[WhiteElo "2320"]
[BlackElo "2505"]
[TimeControl "180+1"]
[EndTime "9:18:31 PST"]
[Termination "goodwilll won on time"]

1. e4 c5 2. Nf3 e6 3. d4 cxd4 4. Nxd4 a6 5. Nc3 Qc7 6. Bd3 Nf6 7. Qf3 Nc6 8. Nb3 Ne5 9. Qg3 d6 10. f4 Nxd3+ 11. cxd3 b5 12. Be3 b4 13. Na4 Rb8 14. Rc1 Qd8 15. O-O Bd7 16. Nb6 Rxb6 17. Bxb6 Qxb6+ 18. Qf2 Qxf2+ 19. Kxf2 Be7 20. h3 h5 21. Ke3 Bd8 22. d4 Bb6 23. Rf2 a5 24.
Rfc2 a4 25. Nd2 e5 26. Rc8+ Bxc8 27. Rxc8+ Bd8 28. fxe5 dxe5 29. dxe5 Nd7 30. Nc4 O-O 31. Kf3 g6 32. g4 h4 33. Ra8 Nb6 34. Nxb6 Bxb6 35. Rxa4 Bc5 36. Ra5 Be7 37. Ra7 Re8 38.
a3 bxa3 39. bxa3 Bc5 40. Ra5 Rxe5 41. Kf4 f6 42. Ra6 g5+ 43. Kf3 Be7 44. a4 Kf7 45. Ra8 Rc5 46. a5 Rc3+ 47. Ke2 Rxh3 48. a6 Ra3 49. e5 fxe5 50. a7 Ke6 51. Kd2 h3 52. Kc2 h2 53. Rh8 Rxa7 54. Rh6+ Bf6 55. Rxh2 Ra2+ 0-1

[Event "Early-Titled-Tuesday-Blitz-February-06-2024"]
[Site "Chess.com"]
[Date "2024.02.06"]
[Round "7"]
[White "AccioChess"]
[Black "Arlo2024"]
[Result "0-1"]
[WhiteElo "2394"]
[BlackElo "2303"]
[TimeControl "180+1"]
[EndTime "9:18:33 PST"]
[Termination "Arlo2024 won on time"]

1. e4 e6 2. d4 d5 3. Nc3 dxe4 4.
Nxe4 Nd7 5. Nf3 Ngf6 6. Bd3 Nxe4 7. Bxe4 Nf6 8. Bd3 b6 9. O-O Bb7 10. Ne5 Qd5 11. Nf3 Bd6 12. h3 O-O-O 13. Qe2 Qh5 14. Ba6 Qd5 15. Bxb7+ Kxb7 16. a4 a5 17. c4 Qe4 18.
Be3 c5 19. b4 cxb4 20. c5 Bc7 21. cxb6 Bxb6 22. Nd2 Qd5 23. Nc4 Ne4 24. Nxb6 Kxb6 25. Rfc1 Rc8 26. Rc5 Nc3 27. Qd3 Rxc5 28. dxc5+ Kb7 29.
c6+ Qxc6 30. Qd2 e5 31. Kh1 f6 32. Rc1 Rc8 33. Qd3 Qxa4 34. Qxh7 Rc7 35. Qg8 Qb5 36. Qd8 a4 37. Bd2 a3 38. Bxc3 b3 39. Qd2 b2 40.
Rb1 Rxc3 41. Qxc3 a2 42. Qf3+ Kb6 43. Qe3+ Kb7 44. Qe4+ Kb8 45. Kh2 axb1=Q 46. Qxb1 Qb4 47. g3 Qb6 48. Kg2 Qb4 49. h4 f5 50. h5 Qe4+ 0-1

[Event "Early-Titled-Tuesday-Blitz-February-06-2024"]
[Site "Chess.com"]
[Date "2024.02.06"]
[Round "7"]
[White "mbchess97"]
[Black "jaskol95"]
[Result "1-0"]
[WhiteElo "2452"]
[BlackElo "2588"]
[TimeControl "180+1"]
[EndTime "9:18:35 PST"]
[Termination "mbchess97 won by checkmate"]

1. c4 e5 2. g3 Nf6 3. Bg2 Nc6 4. Nc3 Bb4 5. Nd5 Bc5 6. e3 d6 7. Ne2 h5 8. d4 Bb6 9. Nxb6 axb6 10. h3 Bf5 11.
O-O Qd7 12. Kh2 O-O-O 13. Bd2 g5 14. b4 Be4 15. f3 Bd3 16. b5 Nb8 17. Rc1 e4 18. Rc3 Qe7 19. fxe4 Bxe4 20. Rxf6 Bxg2 21. Rf2 Be4 22. Qf1 f5 23. Rc1 h4 24. g4 fxg4 25.
hxg4 Bg6 26. Nc3 Rdf8 27. Nd5 Rxf2+ 28. Qxf2 Qf7 29. Rf1 Rf8 30. Ne7+ Kd7 31. Qxf7 Rxf7 32. Rxf7 Bxf7 33. Nd5 Bxd5 34. cxd5 Ke7 35. e4 Kf6 36. Bc3 c6 37. e5+ Ke7 38. Bb4 c5 39. Bd2 cxd4 40. Bxg5+ Ke8 41. e6 h3 42. Kxh3 d3 43. Bd2 Ke7 44.
Kh4 Kf6 45. g5+ Kg6 46. Kg4 Na6 47. bxa6 bxa6 48. Bc3 a5 49. Bd2 a4 50. a3 b5 51. Bc3 Kh7 52. Kh5 Kg8 53. g6 Kf8 54. Kh6 Kg8 55. Bd2 b4 56. Bxb4 d2 57. Bxd2 Kh8 58. g7+ Kg8 59. Kg5 Kh7 60. e7 Kg8 61.
e8=Q+ Kh7 62. Qh8# 1-0

[Event "Early-Titled-Tuesday-Blitz-February-06-2024"]
[Site "Chess.com"]
[Date "2024.02.06"]
[Round "7"]
[White "KbzasDavid16"]
[Black "wild3000"]
[Result "1-0"]
[WhiteElo "2559"]
[BlackElo "2370"]
[TimeControl "180+1"]
[EndTime "9:18:35 PST"]
[Termination "KbzasDavid16 won by checkmate"]

1. d4 d5 2. Nf3 Nf6 3. g3 e6 4. Bg2 c5 5. O-O Nc6 6. c4 dxc4 7. dxc5 Qxd1 8. Rxd1 Bxc5 9. Nbd2 c3 10. bxc3 O-O 11.
Nb3 Be7 12. Nfd4 Bd7 13. e4 Nxd4 14. cxd4 Rac8 15. Be3 b6 16. h3 Ba3 17. d5 exd5 18.
e5 Ne8 19. Rxd5 Be6 20. Rd4 Bb2 21. Rad1 Bxd4 22. Nxd4 Bxa2 23. Ra1 Bc4 24. Rxa7 b5 25. Nc6 Kh8 26. Bc5 Rg8 27. Bb4 Nc7 28. Ne7 Be6 29.
f4 g6 30. g4 Rge8 31. Be4 Rxe7 32. Bxe7 Kg7 33. Bd6 Nd5 34. f5 gxf5 35. gxf5 Rc1+ 36. Kf2 Nc3 37. f6+ Kh6 38. Bf8+ Kg5 39. Bf3 Kf4 40. Bh6+ Kxe5 41. Bxc1 Bc4 42. Bb2 Kd4 43. Rd7+ Bd5 44.
Rxd5+ Kc4 45. Bxc3 b4 46. Bxb4 Kxb4 47. Rd7 Kc5 48.
Rxf7 Kd6 49. Rxh7 Ke5 50. Rg7 Kxf6 51. Rg4 Kf5 52. h4 Ke5 53. h5 Kf6 54. h6 Kf7 55. h7 Ke7 56. h8=Q Kf7 57. Qh5+ Ke6 58. Rg6+ Ke7 59. Qh7+ Kf8 60. Rg8# 1-0

[Event "Early-Titled-Tuesday-Blitz-February-06-2024"]
[Site "Chess.com"]
[Date "2024.02.06"]
[Round "7"]
[White "LaPiToB"]
[Black "SarochaChuemsakul"]
[Result "1/2-1/2"]
[WhiteElo "2311"]
[BlackElo "2427"]
[TimeControl "180+1"]
[EndTime "9:18:37 PST"]
[Termination "Game drawn - insufficient material"]

1. d4 g6 2. e4 Bg7 3. c4 c6 4. Nf3 d5 5. exd5 cxd5 6. Nc3 Nf6 7. Be2 O-O 8. O-O Nc6 9. h3 Bf5 10. Bf4 a6 11. c5 Ne4 12. Na4 f6 13. Nb6 e5 14. dxe5 fxe5 15. Bh2 d4 16. Nxa8 Qxa8 17.
Re1 Kh8 18. Rc1 Re8 19. Bd3 Nxf2 20. Kxf2 e4 21. Bxe4 Bxe4 22. Ng5 Rf8+ 23. Kg1 Bd5 24. Bd6 Rf5 25. Ne6 Bf6 26. Nc7 Qd8 27. Nxd5 Rxd5 28. Qe2 d3 29. Qe8+ Qxe8 30. Rxe8+ Kg7 31. Rd1 Bxb2 32.
Kf1 Bc3 33. Re3 Nb4 34. Re7+ Kf6 35. Rxb7 d2 36. Ke2 Nxa2 37. Rb6 a5 38. Bf8+ Kf7 39.
Bh6 Re5+ 40. Kd3 Re1 41. Rxd2 Bxd2 42. Bxd2 Rg1 43. g4 Nb4+ 44. Bxb4 axb4 45. Rxb4 Rg3+ 46. Kc2 Rxh3 47. c6 Ke7 48. c7 Kd7 49. Rc4 Kc8 50. Kb2 Rg3 51. Ka2 h5 52. gxh5 gxh5 53. Kb2 h4 54. Rxh4 Kxc7 55. Rc4+ Kd6 56. Rc2 Kd5 57. Rc3 Rxc3 58. Kxc3 1/2-1/2

[Event "Early-Titled-Tuesday-Blitz-February-06-2024"]
[Site "Chess.com"]
[Date "2024.02.06"]
[Round "7"]
[White "Vaibhavraut99"]
[Black "edgarhay012"]
[Result "0-1"]
[WhiteElo "2714"]
[BlackElo "2543"]
[TimeControl "180+1"]
[EndTime "9:18:38 PST"]
[Termination "edgarhay012 won by resignation"]

1. c4 e5 2. g3 c6 3. Nf3 e4 4.
Nd4 d5 5. cxd5 Qxd5 6. Nc2 Nf6 7. Bg2 Na6 8. Nc3 Qe5 9. O-O Be7 10. d4 exd3 11.
exd3 O-O 12. Re1 Qc7 13. Bf4 Bd6 14. Bg5 Ng4 15. h3 Nxf2 16. Kxf2 Bxg3+ 17. Kg1 Bxe1 18. Qxe1 Qb6+ 19. Be3 Qxb2 20. Qd2 Nb4 21. Rc1 Nxa2 22. Nxa2 Qxa2 23. Bd4 Bf5 24. Qg5 Bg6 25. Ne3 Qe6 26. Re1 Rad8 27. Bc3 Rxd3 28. Ng4 Qf5 29. Qxf5 Bxf5 30.
Bb4 Rfd8 31. Re7 R3d7 32. Re3 h5 33. Ne5 Rd1+ 34. Kh2 Re8 35. Bc3 f6 36. Bf3 Rc1 37. Bxh5 Rxc3 38. Rxc3 Rxe5 39. Rc1 g6 40. Bf3 a5 41.
Ra1 Re3 42. Kg2 Bxh3+ 43. Kf2 Re5 44. Rd1 Be6 45. Rd8+ Kf7 46. Rb8 Rb5 47. Ke2 a4 48.
Ra8 Rb2+ 49. Kf1 Bc4+ 50. Kg1 Rb3 51. Be4 a3 52. Ra7 a2 53. Rxa2 Rg3+ 54. Kf2 Bxa2 55. Kxg3 f5 56. Bxc6 bxc6 57. Kf4 Kf6 0-1

[Event "Early-Titled-Tuesday-Blitz-February-06-2024"]
[Site "Chess.com"]
[Date "2024.02.06"]
[Round "7"]
[White "tylityli"]
[Black "Kapitan_Bayan"]
[Result "1/2-1/2"]
[WhiteElo "2253"]
[BlackElo "2382"]
[TimeControl "180+1"]
[EndTime "9:18:38 PST"]
[Termination "Game drawn by repetition"]

1. d4 d5 2. c4 dxc4 3. Nf3 Nf6 4. e3 c5 5. Bxc4 e6 6. O-O a6 7. Qe2 b5 8. Bb3 Bb7 9. Nc3 Nbd7 10. Rd1 Qc7 11. d5 c4 12. dxe6 fxe6 13. Bc2 Bd6 14. e4 Ne5 15. Nd4 Bc8 16. f4 Nc6 17. Nxc6 Qxc6 18. e5 Bc5+ 19. Be3 Nd5 20. Nxd5 exd5 21. Qh5+ Kd8 22. Qf3 Be6 23. f5 Rf8 24. Bxc5 Qxc5+ 25.
Kh1 Kc7 26. Qg4 Bd7 27. e6 Bc6 28. Qxg7+ Kb6 29. Qe5 Rae8 30. Qd4 Qxd4 31. Rxd4 Kc5 32. Rad1 Rf6 33. g4 h6 34. Kg2 Rg8 35. Kf3 Re8 36.
h3 Rexe6 37. Kf4 Re7 38. R1d2 Ref7 39. h4 Bd7 40. g5 hxg5+ 41. hxg5 Rxf5+ 42. Bxf5 Rxf5+ 43. Kg3 Rxg5+ 44. Kf3 Rf5+ 45. Ke3 Re5+ 46. Kf4 Rf5+ 47. Ke3 Re5+ 48. Kf4 Rf5+ 49. Kg3 Rg5+ 50. Kf4 Rf5+ 1/2-1/2

[Event "Early-Titled-Tuesday-Blitz-February-06-2024"]
[Site "Chess.com"]
[Date "2024.02.06"]
[Round "7"]
[White "FabianoCaruana"]
[Black "yosephtaher"]
[Result "1-0"]
[WhiteElo "3052"]
[BlackElo "2887"]
[TimeControl "180+1"]
[EndTime "9:18:39 PST"]
[Termination "FabianoCaruana won by resignation"]

1. e4 c5 2. Nf3 g6 3. c3 Nf6 4.
e5 Nd5 5. d4 cxd4 6. Qxd4 Nc7 7. Qh4 Ne6 8. Bc4 Nc6 9. O-O Bg7 10. Bxe6 dxe6 11. Bh6 Kf8 12. Nbd2 Qc7 13. Rfe1 b6 14.
Ne4 Nxe5 15. Nxe5 Qxe5 16. Rad1 Ba6 17. Rd7 Re8 18. Rxa7 Bd3 19. h3 Bxe4 20. Rxe4 Qf5 21. Be3 h5 22. Rb4 Be5 23. Qe4 Qf6 24. Rxb6 h4 25.
Rb5 Rh5 26. Raa5 Bc7 27. Rxh5 gxh5 28. Rxh5 Rd8 29. Bd4 e5 30. Bxe5 Rd1+ 31. Kh2 Bxe5+ 32. Qxe5 Qxe5+ 33. Rxe5 Rd2 34. Rb5 Rxf2 35. a4 Rf1 36. a5 Ra1 37. b4 f6 38. Rh5 e5 39. Rxh4 Kf7 40. c4 f5 41. c5 e4 42. Kg3 Ke6 43. Rh6+ Ke5 44. Rh8 f4+ 45. Kg4 e3 46. Re8+ Kd4 47. Kxf4 Rf1+ 48. Kg5 Kd3 49. c6 e2 50. b5 Rc1 51. a6 Rc5+ 52. Kh6 Rxb5 53. a7 Ra5 54. c7 Ra6+ 55. Kh5 Ra5+ 56. Kg4 Ra4+ 57. Kf3 Rxa7 58. c8=Q 1-0

[Event "Early-Titled-Tuesday-Blitz-February-06-2024"]
[Site "Chess.com"]
[Date "2024.02.06"]
[Round "7"]
[White "Nikolakis2014"]
[Black "Kunalm64"]
[Result "1-0"]
[WhiteElo "2731"]
[BlackElo "2562"]
[TimeControl "180+1"]
[EndTime "9:18:39 PST"]
[Termination "Nikolakis2014 won on time"]

1. Nf3 Nf6 2. c4 e6 3. g3 d5 4. d4 Be7 5. Bg2 O-O 6. O-O dxc4 7. Qc2 a6 8. a4 Bd7 9. Qxc4 Bc6 10. Bf4 a5 11.
Nc3 Na6 12. Rad1 Nb4 13. Ne5 Bxg2 14. Kxg2 c6 15. e4 Nd7 16. Nf3 h6 17. Qe2 Bf6 18. Rfe1 Re8 19. h4 Qb6 20. e5 Be7 21. g4 Nd5 22. Bc1 Nf8 23. h5 Nh7 24. Ne4 Qb3 25.
g5 hxg5 26. Nfxg5 f5 27. exf6 Ndxf6 28. Nxh7 Nxh7 29. Rd3 Qd5 30. Rg3 Kh8 31. Bf4 Rf8 32. Be5 Bf6 33. h6 Bxe5 34. dxe5 gxh6 35. Qh5 Rg8 36.
Qxh6 Rxg3+ 37. fxg3 Qxe5 38. Re3 Qxb2+ 39. Kh3 Qg7 40. Qh4 Rg8 41. Rf3 Qg6 42. Nf6 Rf8 43.
Nxh7 Rxf3 44. Ng5+ Kg7 45. Nxf3 Qf5+ 46. Kg2 Qc2+ 47.
Kh3 Qf5+ 48. Kg2 Qc2+ 49. Kh1 Qd1+ 50. Ng1 Qd5+ 51. Kh2 Qd2+ 52. Kh3 1-0